 Dungeon Crawl Stone Soup version 0.30-a0-847-g17996783a1 (webtiles) character file.

Game seed: 8808360163233164253

42822 holysushi the Slicer (level 13, -7/86 HPs)
             Began as a Demonspawn Monk on Mar 3, 2023.
             Was a Believer of Yredelemnul.
             Mangled by a slime creature (11 damage)
             ... on level 10 of the Dungeon.
             The game lasted 00:37:40 (14587 turns).

holysushi the Slicer (Demonspawn Monk)             Turns: 14587, Time: 00:37:41

Health: -7/86      AC: 13    Str: 12    XL:     13   Next: 87%
Magic:  21/21      EV: 24    Int: 12    God:    Yredelemnul [**....]
Gold:   824        SH:  0    Dex: 32    Spells: 13/16 levels left

rFire   + . .      SeeInvis .    a - +9 longbow of Summertime {elec, *Slow rElec Dex+9}
rCold   + + +      Faith    .    (shield currently unavailable)
rNeg    . . .      Spirit   .    r - +2 robe of the Nexus {rC+++ Dex+3 Slay+2}
rPois   .          Reflect  .    (no helmet)
rElec   +          Rampage  .    (no cloak)
rCorr   .                        (gloves unavailable)
Will    .....                    s - +0 pair of boots
Stlth   +++                      z - amulet of regeneration
HPRegen 1.14/turn                h - +4 ring of protection
MPRegen 0.17/turn                j - ring of protection from fire

@: no status effects
A: icy blue scales 3, ignite blood 2, corrupting presence 1, demonic touch 3
a: Renounce Religion, Recall Undead Harvest, Dark Bargain


You were on level 10 of the Dungeon.
You worshipped Yredelemnul.
Yredelemnul was aware of your devotion.
You visited 2 branches of the dungeon, and saw 15 of its levels.

You collected 824 gold pieces.

Inventory:

Hand Weapons
 a - the +9 longbow of Summertime (weapon) {elec, *Slow rElec Dex+9}
   (You found it on level 9 of the Dungeon)

   Dex:       It affects your dexterity (+9).
   rElec:     It insulates you from electricity.
   *Slow:     It may slow you when you take damage.
 b - a +2 dagger of venom
 C - a +1 rapier of flaming
 H - the +8 rapier of Disintegration {heavy, rN+ Str-2 Stlth+}
   (You found it on level 8 of the Dungeon)

   Str:       It affects your strength (-2).
   rN:        It protects you from negative energy.
   Stlth:     It makes you more stealthy.
Missiles
 u - 4 throwing nets
Armour
 r - the +2 robe of the Nexus (worn) {rC+++ Dex+3 Slay+2}
   (You found it on level 3 of the Dungeon)

   Dex:       It affects your dexterity (+3).
   Slay:      It affects your accuracy & damage with ranged weapons and melee
   (+2).
   rC:        It renders you almost immune to cold.
 s - a +0 pair of boots (worn)
 t - a +1 robe
Jewellery
 h - a +4 ring of protection (left hand)
 j - a ring of protection from fire (right hand)
 y - a ring of resist corrosion
 z - an amulet of regeneration (around neck)
Wands
 o - a wand of polymorph (13)
 p - a wand of acid (16)
 B - a wand of flame (50)
 D - a wand of iceblast (20)
 G - a wand of charming (16)
 Q - a wand of mindburst (10)
Scrolls
 f - a scroll of enchant weapon {unknown}
 i - a scroll of immolation
 l - 7 scrolls of identify
 m - 2 scrolls of blinking
 q - a scroll of acquirement {unknown}
 v - 2 scrolls of silence
 I - 2 scrolls of teleportation
 J - 2 scrolls of magic mapping
 L - 4 scrolls of vulnerability
 N - a scroll of summoning {unknown}
 O - a scroll of poison {unknown}
 P - a scroll of amnesia {unknown}
Potions
 c - 3 potions of ambrosia
 d - 5 potions of might
 e - 4 potions of degeneration
 g - 3 potions of flight
 k - 2 potions of berserk rage {unknown}
 n - 6 potions of curing
 w - a potion of attraction {unknown}
 x - 2 potions of cancellation {unknown}
 A - a potion of haste {unknown}
 F - 6 potions of heal wounds {unknown}
 K - a potion of mutation {unknown}
 M - a potion of lignification {unknown}
 R - 2 potions of invisibility


   Skills:
 - Level 3.0 Fighting
 - Level 13.0 Short Blades
 + Level 12.5 Ranged Weapons
 - Level 10.0 Dodging
 - Level 3.0 Stealth
 - Level 2.0 Spellcasting
 + Level 3.5 Hexes
 + Level 3.2 Translocations
 + Level 11.3 Invocations
 - Level 2.0 Evocations


You had 13 spell levels left.
You knew the following spells:

 Your Spells              Type           Power      Damage    Failure   Level
a - Portal Projectile     Hex/Tloc       18%        N/A       21%         3

Your spell library contained the following spells:

 Spells                   Type           Power      Damage    Failure   Level
 Confusing Touch          Hex            9%         N/A       19%         3
 Tukima's Dance           Hex            9%         N/A       19%         3
 Kiss of Death            Conj/Necr      4%         2d5       26%         1
 Necrotise                Necr           4%         1d4       26%         1
 Sandblast                Erth           2%         2d4       26%         1
 Sting                    Tmut/Pois      4%         1d3       26%         1
 Summon Small Mammal      Summ           4%         N/A       26%         1
 Dazzling Flash           Conj/Hex       10%        N/A       36%         3
 Summon Guardian Golem    Hex/Summ       5%         N/A       36%         3
 Passwall                 Tmut/Erth      0%         N/A       38%         2
 Poisonous Vapours        Pois/Air       2%         N/A       38%         2
 Sublimation of Blood     Necr           1%         N/A       38%         2
 Wereblood                Tmut           1%         N/A       38%         2
 Kindle Blastsparks       Fire/Tloc/Air  6%         2d10      45%         3
 Passage of Golubria      Tloc           9%         N/A       56%         4
 Call Canine Familiar     Summ           1%         N/A       63%         3
 Hailstorm                Conj/Ice       1%         3d3       63%         3
 Ignite Poison            Fire/Tmut/Pois 1%         N/A       63%         3
 Mephitic Cloud           Conj/Pois/Air  1%         N/A       63%         3
 Ozocubu's Armour         Ice            1%         N/A       63%         3
 Stone Arrow              Conj/Erth      2%         3d7       63%         3
 Vampiric Draining        Necr           1%         2d6       63%         3
 Leda's Liquefaction      Hex/Erth       2%         N/A       78%         4
 Dispel Undead            Necr           1%         3d6       95%         4
 Olgreb's Toxic Radiance  Pois           1%         N/A       95%         4
 Metabolic Englaciation   Hex/Ice        2%         N/A       98%         5
 Silence                  Hex/Air        2%         N/A       98%         5
 Yara's Violent Unravell  Hex/Tmut       2%         3d3       98%         5
 Agony                    Necr           1%         N/A       100%        5
 Blade Hands              Tmut           0%         N/A       100%        5
 Freezing Cloud           Conj/Ice/Air   0%         6-21      100%        5
 Irradiate                Conj/Tmut      0%         3d11      100%        5
 Lee's Rapid Deconstruct  Erth           0%         3d4*      100%        5
 Statue Form              Tmut/Erth      0%         N/A       100%        6
 Dragon Form              Tmut           0%         N/A       100%        7
 Summon Hydra             Summ           0%         N/A       100%        7


Dungeon Overview and Level Annotations

Branches:
Dungeon (10/15) Zot: 26585  Temple (0/1) D:7            Lair (5/5) D:8 Zot: 23519
 Shoals (0/4) Lair:3       Spider (0/4) Lair:2        Slime (0/5) Lair:5
    Orc: D:9-12

Altars:
Cheibriados
Nemelex Xobeh
Qazlal
Trog
Xom
Yredelemnul
Jiyva

Annotations:
Lair:5 2 runed translucent doors


Innate Abilities, Weirdness & Mutations

You are completely covered in icy blue scales. (AC +4, rC+)
Your demonic aura often causes spilled blood to erupt in flames.
Your presence sometimes corrodes those you injure.
Your touch may irresistibly damage your foes and sap their willpower.


Message History

The slime creature completely misses you.
The enormous slime creature closely misses you.
The slime creature completely misses you.
You shoot an arrow.
The arrow hits the enormous slime creature.
The enormous slime creature is moderately wounded.
The enormous slime creature barely misses you.
The slime creature completely misses you.
The slime creature misses you.
You shoot an arrow.
The arrow hits the enormous slime creature!
Lightning courses through the enormous slime creature!
The enormous slime creature is heavily wounded.
The slime creature barely misses you. The slime creature misses you.
The enormous slime creature completely misses you.
You shoot an arrow.
The arrow hits the enormous slime creature!!
Lightning courses through the enormous slime creature!!
The enormous slime creature is severely wounded.
The enormous slime creature barely misses you.
The slime creature hits you!
The slime creature completely misses you.
You shoot an arrow.
The arrow hits the enormous slime creature!!
Lightning courses through the enormous slime creature!
The enormous slime creature is almost dead.
The slime creature barely misses you.
The slime creature completely misses you.
The enormous slime creature hits you!!!!
Ouch! That really hurt!
* * * LOW HITPOINT WARNING * * *
Your gnoll zombie is engulfed in blazing flames.
You destroy your gnoll zombie!
You shoot an arrow.
The arrow hits the enormous slime creature.
The enormous slime creature is almost dead.
The slime creature is engulfed in blazing flames.
The slime creature hits you!
You die...
Your body rises from the dead as a mindless zombie.

.........##Z.Z......
.......ZZ#####......
.......Z.# #......
#######Z## #####+#
###..# ##ZZ.##
#ZZ### #Z## ## #@#
#. #...JJJ.# ###.###
#.......# #.....#
+.......# #.....#
#.....$.+ ####......
#.......# ........Z#
###+##### ###...Z.#
####Z## #ZZ..#


You could see an enormous slime creature (ally target), 2 slime creatures, a
friendly killer bee zombie, a friendly gnoll sergeant zombie, 4 friendly kobold
zombies, a friendly orc zombie and a friendly orc wizard zombie.

Vanquished Creatures
  5 hydras
  2 two-headed ogres
  5 death yaks
  A tengu warrior (D:8)
  Erica (Lair:1)
  Amaemon (Lair:2)
  A pharaoh ant (Lair:2)
  A harpy (D:8)
  An oklob plant (Lair:2)
  8 black mambas
  6 elephants (Lair:2)
  A molten gargoyle (Lair:5)
  An orange demon (Lair:2)
  3 cane toads
  7 komodo dragons
  2 torpor snails
  An efreet (D:8)
  Maggie (D:8)
  A troll (D:8)
  A hornet (Lair:3)
  A polar bear (Lair:2)
  2 tarantellas (Lair:2)
  15 blink frogs
  10 dream sheep
  A wraith (D:9)
  Eustachio (D:6)
  21 yaks
  8 basilisks
  4 wyverns
  A vampire mosquito (D:8)
  5 steam dragons
  Menkaure (D:7)
  2 acid dragons
  6 water moccasins
  A cane toad zombie (Lair:1)
  Duvessa (D:7)
  4 hell hounds (Lair:5)
  3 black bears
  3 orc warriors
  A sky beast (D:7)
  An ogre (D:5)
  2 blink frog zombies
  5 centaurs
  13 wolves
  A komodo dragon zombie (Lair:5)
  10 bullfrogs
  2 kobold brigands
  A gnoll sergeant (D:10)
  5 scorpions
  A hell hound zombie (Lair:5)
  A wight (D:8)
  2 water moccasin zombies
  Dowan (D:7)
  2 yak zombies
  12 killer bees
  4 electric eels
  3 howler monkeys
  3 lava snakes (Lair:5)
  2 hounds
  5 bullfrog zombies
  A centaur zombie (D:5)
  A basilisk zombie (Lair:5)
  3 jellies
  2 orc priests
  2 gnoll boudas
  4 iguanas
  2 sleepcaps
  5 hell rats (Lair:2)
  13 orc wizards
  A hound zombie (D:5)
  2 howler monkey zombies
  2 hell rat zombies (Lair:2)
  21 gnolls
  8 adders
  11 river rats (Lair:2)
  A shadow imp (D:6)
  A white imp (D:6)
  An ufetubus (D:7)
  A jelly zombie (D:8)
  13 orc zombies
  2 worms
  38 orcs
  7 ball pythons
  6 bats
  2 bat zombies (D:3)
  9 endoplasms
  4 giant cockroaches
  3 gnoll zombies
  4 goblins
  5 hobgoblins
  2 jackals (D:1)
  13 kobolds
  6 quokkas
  3 river rat zombies (Lair:2)
  A ball python zombie (D:3)
  An endoplasm zombie (Lair:5)
  4 frilled lizards
  A hobgoblin zombie (D:4)
  A quokka zombie (Lair:2)
  10 rats
  2 rat zombies (Lair:2)
  A bush (D:8)
437 creatures vanquished.

Vanquished Creatures (collateral kills)
  A fire crab (Lair:5)
  2 black mambas
  A molten gargoyle (Lair:5)
  A torpor snail (Lair:4)
  A komodo dragon (Lair:1)
  3 dream sheep
  4 blink frogs
  6 yaks
  3 basilisks
  A redback (Lair:2)
  2 water moccasins
  An ice beast (D:7)
  3 wolves
  3 bullfrogs
  A water moccasin zombie (Lair:2)
  A jelly (D:8)
  A gnoll (D:4)
  3 river rats (Lair:2)
  A lava snake zombie (Lair:5)
  5 orcs
  2 endoplasms
  2 goblins
  A quokka (Lair:2)
  A ball python (D:3)
  4 rats (Lair:2)
54 creatures vanquished.

Vanquished Creatures (others)
  A hydra zombie (Lair:2)
  A harpy zombie (D:8)
  A spectral komodo dragon (Lair:5)
  A yak (D:8)
  A black mamba zombie (Lair:1)
  A cane toad zombie (Lair:5)
  A water moccasin (D:8)
  2 blink frog zombies (Lair:5)
  An elephant zombie (Lair:2)
  3 dream sheep zombies (Lair:5)
  A torpor snail zombie (Lair:2)
  A komodo dragon zombie (Lair:5)
  A kobold brigand (D:8)
  A hell hound zombie (Lair:5)
  2 wyvern zombies
  A water moccasin zombie (Lair:4)
  A polar bear zombie (Lair:2)
  4 yak zombies
  5 wolf zombies
  A lava snake (Lair:5)
  A black bear zombie (D:8)
  A killer bee zombie (D:10)
  An acid dragon zombie (D:8)
  A hell rat zombie (Lair:2)
  A howler monkey zombie (D:8)
  A steam dragon zombie (Lair:5)
  A white imp (D:8)
  A jelly zombie (Lair:5)
  2 bat zombies (D:2)
  2 gnoll zombies
  3 river rat zombies (Lair:2)
  An endoplasm zombie (D:4)
  2 giant cockroach zombies
  A kobold zombie (D:4)
  10 orc zombies
  2 rat zombies
  6 demonic plants (D:3)
  28 fungi
  99 plants
195 creatures vanquished.

Grand Total: 686 creatures vanquished

Notes
Turn   | Place    | Note
-------+----------+-------------------------------------------
     0 | D:1      | holysushi the Demonspawn Monk began the quest for the Orb.
     0 | D:1      | Reached XP level 1. HP: 18/18 MP: 1/1
   112 | D:1      | Reached skill level 3 in Short Blades
   189 | D:1      | You fall into a shaft and drop 1 floor!
   360 | D:1      | Gained mutation: Your touch may inflict minor irresistible
                  | damage on your foes. [demonic ancestry]
   360 | D:1      | Reached XP level 2. HP: 24/24 MP: 2/2
   693 | D:2      | Found a faded altar of an unknown god.
   700 | D:2      | Prayed at the altar of an unknown god.
   700 | D:2      | Became a worshipper of Yredelemnul the Dark
   700 | D:2      | Reached * piety under Yredelemnul
   776 | D:2      | Reached skill level 4 in Short Blades
   776 | D:2      | Gained mutation: Your touch may inflict irresistible damage
                  | on your foes. [demonic ancestry]
   776 | D:2      | Reached XP level 3. HP: 25/29 MP: 3/3
   926 | D:2      | Reached ** piety under Yredelemnul
  1408 | D:3      | Identified the +2 robe of the Nexus {rC+++ Dex+3 Slay+2}
  1423 | D:3      | Got the Handbook of the Frosty Welkin
  1437 | D:3      | Gained mutation: Your demonic aura sometimes causes spilled
                  | blood to erupt in flames. [demonic ancestry]
  1437 | D:3      | Reached XP level 4. HP: 35/35 MP: 4/4
  1922 | D:4      | Reached skill level 5 in Short Blades
  1933 | D:4      | Gained mutation: You are partially covered in icy blue
                  | scales. (AC +2) [demonic ancestry]
  1933 | D:4      | Reached XP level 5. HP: 25/41 MP: 5/5
  2242 | D:4      | Found a bloodstained altar of Trog.
  2401 | D:3      | Gained mutation: You are mostly covered in icy blue scales.
                  | (AC +3) [demonic ancestry]
  2401 | D:3      | Reached XP level 6. HP: 34/47 MP: 6/6
  2459 | D:4      | Reached skill level 6 in Short Blades
  2728 | D:4      | Found a stormy altar of Qazlal.
  2860 | D:5      | Entered Level 5 of the Dungeon
  2996 | D:5      | Gained mutation: Your demonic aura often causes spilled
                  | blood to erupt in flames. [demonic ancestry]
  2996 | D:5      | Reached XP level 7. HP: 47/52 MP: 7/7
  3064 | D:5      | Reached skill level 7 in Short Blades
  3140 | D:5      | Reached skill level 5 in Dodging
  3844 | D:6      | Reached skill level 1 in Invocations
  3844 | D:6      | Reached XP level 8. HP: 58/58 MP: 8/8
  3888 | D:6      | Noticed Eustachio
  3895 | D:6      | Killed Eustachio
  4376 | D:6      | Reached skill level 8 in Short Blades
  4464 | D:7      | Noticed Dowan
  4600 | D:7      | Found a staircase to the Ecumenical Temple.
  4635 | D:7      | Noticed Menkaure
  4644 | D:7      | Killed Menkaure
  4658 | D:7      | Found a snail-covered altar of Cheibriados.
  4668 | D:7      | Found a shimmering altar of Xom.
  4668 | D:7      | Found a sparkling altar of Nemelex Xobeh.
  4884 | D:7      | Gained mutation: You are completely covered in icy blue
                  | scales. (AC +4, rC+) [demonic ancestry]
  4884 | D:7      | Reached XP level 9. HP: 51/63 MP: 12/12
  4889 | D:7      | Reached skill level 9 in Short Blades
  5000 | D:7      | Identified the +9 long sword "Ipraw" {holy, rF+}
  5000 | D:7      | Noticed Duvessa
  5007 | D:7      | Killed Duvessa
  5015 | D:7      | Killed Dowan
  5369 | D:8      | Reached skill level 1 in Evocations
  5397 | D:8      | Identified the +8 rapier of Disintegration {heavy, rN+
                  | Str-2 Stlth+}
  5549 | D:8      | Noticed a two-headed ogre
  5552 | D:8      | a two-headed ogre changed into a queen bee
  5552 | D:8      | Noticed a queen bee
  5553 | D:8      | a queen bee changed into a harpy
  5553 | D:8      | Noticed a harpy
  5558 | D:8      | Killed a harpy
  5559 | D:8      | Reached skill level 10 in Short Blades
  5826 | D:8      | Found a staircase to the Lair.
  5827 | D:8      | Noticed a komodo dragon
  5844 | D:8      | Killed a komodo dragon
  5942 | D:8      | Noticed a tengu warrior
  5943 | D:8      | Noticed an efreet
  5947 | D:8      | Killed a tengu warrior
  5948 | D:8      | Reached skill level 11 in Short Blades
  5948 | D:8      | Gained mutation: Your touch may irresistibly damage your
                  | foes and sap their willpower. [demonic ancestry]
  5948 | D:8      | Reached XP level 10. HP: 14/70 MP: 13/13
  6349 | D:8      | Reached skill level 12 in Short Blades
  6628 | D:8      | Noticed Maggie
  6644 | D:8      | Killed Maggie
  7163 | D:9      | Reached skill level 13 in Short Blades
  7232 | D:9      | Identified the +9 longbow of Summertime {elec, *Slow rElec
                  | Dex+9}
  7275 | Lair:1   | Entered Level 1 of the Lair of Beasts
  7602 | Lair:1   | Reached skill level 1 in Ranged Weapons
  7603 | Lair:1   | Noticed a cane toad
  7607 | Lair:1   | Killed a cane toad
  7660 | Lair:1   | Noticed a black mamba
  7664 | Lair:1   | Killed a black mamba
  7709 | Lair:1   | Reached XP level 11. HP: 75/75 MP: 14/14
  7765 | Lair:1   | Reached skill level 5 in Ranged Weapons
  7828 | Lair:1   | Noticed Erica
  7830 | Lair:1   | Killed Erica
  7915 | Lair:1   | Reached *** piety under Yredelemnul
  7919 | Lair:1   | Reached **** piety under Yredelemnul
  8171 | Lair:1   | Reached ***** piety under Yredelemnul
  8475 | Lair:2   | Noticed a six-headed hydra
  8529 | Lair:2   | Killed a six-headed hydra
  8539 | Lair:2   | Reached skill level 5 in Invocations
  8556 | Lair:2   | Identified the +5 spear of Dosios {drain, rPois Dex+3
                  | Stlth+}
  8677 | Lair:2   | Noticed Amaemon
  8682 | Lair:2   | Killed Amaemon
  8746 | Lair:2   | Noticed a five-headed hydra
  8753 | Lair:2   | Killed a five-headed hydra
  8759 | Lair:2   | Noticed a pharaoh ant
  8766 | Lair:2   | Killed a pharaoh ant
  8768 | Lair:2   | Found a hole to the Spider Nest.
  8771 | Lair:2   | Gained mutation: Your presence sometimes corrodes those you
                  | injure. [demonic ancestry]
  8771 | Lair:2   | Reached XP level 12. HP: 81/81 MP: 17/17
  9323 | Lair:2   | Reached skill level 10 in Ranged Weapons
  9808 | Lair:3   | Noticed a death yak
  9811 | Lair:3   | Killed a death yak
  9812 | Lair:3   | Noticed a death yak
  9815 | Lair:3   | Killed a death yak
 10041 | Lair:3   | Found a staircase to the Shoals.
 10671 | Lair:4   | Noticed a death yak
 10672 | Lair:4   | Noticed a death yak
 10689 | Lair:3   | Killed a death yak
 11002 | Lair:3   | Killed a death yak
 11045 | Lair:4   | Noticed a death yak
 11054 | Lair:4   | Killed a death yak
 11055 | Lair:4   | Reached XP level 13. HP: 86/86 MP: 19/19
 11122 | Lair:4   | Reached ****** piety under Yredelemnul
 11122 | Lair:4   | Reached skill level 10 in Dodging
 12178 | Lair:5   | Entered Level 5 of the Lair of Beasts
 12186 | Lair:5   | Found a staircase to the Slime Pits.
 12186 | Lair:5   | Found a viscous altar of Jiyva.
 12240 | Lair:5   | Reached skill level 10 in Invocations
 12335 | Lair:5   | Learned a level 3 spell: Portal Projectile
 12445 | Lair:5   | Reached skill level 1 in Hexes
 12446 | Lair:5   | Reached skill level 1 in Translocations
 12526 | Lair:5   | Reached skill level 1 in Spellcasting
 13453 | Lair:5   | Found a large runed translucent door.
 13479 | Lair:5   | Noticed a fire dragon
 13483 | Lair:5   | Found a large runed translucent door.
 14172 | D:10     | Entered Level 10 of the Dungeon
 14374 | D:10     | Identified the +5 quarterstaff "Kesumoafe" {speed, Dex+3}
 14586 | D:10     | HP: 3/86 [enormous slime creature (75)]
 14587 | D:10     | Mangled by a slime creature

Illustrated notes

Levels and vault maps discovered:
D:1:      kennysheep_arrival_forest, layout_basic
D:2:      layout_rooms, basic_ecumenical_altar
D:3:      minmay_octagon_keep, layout_basic, serial_forest,
          infiniplex_forest_fountain, infiniplex_forest_clump_double,
          infiniplex_forest_clump_tiny, infiniplex_forest_lined_2,
          minmay_misc_feat_alley, dreamdust_princess_corridor
D:4:      layout_loops_cross, trog_three_pillars_becter,
          mainiacjoe_overflow_concentric_impassable, abandoned_shop,
          skrybe_limestone_x, minmay_misc_feat_hallway, minmay_bent
D:5:      layout_gridville, minmay_misc_feat_tiny, minmay_misc_feat_x,
          minmay_hedge_maze
D:6:      layout_loops_ring, uniq_eustachio
D:7:      layout_rooms, chequers_temple_overflow_statue_of_worship,
          nicolae_tso_swordbearing_angel, minmay_temple_entry_water_ring,
          uniq_duvessa, uniq_menkaure
D:8:      nzn_winding_woodlands_cross [nzn_winding_woodlands_5x15_lazy_stream,
          nzn_winding_woodlands_5x15_concentric,
          nzn_winding_woodlands_5x15_cabin, nzn_winding_woodlands_5x15_eye,
          nzn_winding_woodlands_15x15_five_gardens], layout_basic,
          david_lair_shrubbed, grunt_ministairs_10, minivault_24,
          kb_lookout_dungeons_type, uniq_maggie
D:9:      layout_cave_pools
D:10:     layout_roguey, orc_0_dummy, uniq_harold
Lair:1:   layout_chaotic_city, infiniplex_staircase_pool_2, grunt_megastairs_2,
          uniq_erica
Lair:2:   lemuel_ratsnest, layout_cave_pods,
          nicolae_spider_entry_lesser_pyramids, lemuel_oklob_altar,
          infiniplex_staircase_pool, uniq_amaemon
Lair:3:   layout_cellular_growth, elwin_shoals_entry_rocks, serial_bayou_shore_a
Lair:4:   layout_small_grid, kennysheep_basilisk_garden, lemuel_fruit_tree,
          grunt_megastairs_1, serial_bayou_shore_b
Lair:5:   cheibrodos_lair_end_hotspot, layout_cave_pods,
          nicolae_slime_entry_slimehenge

Skill      XL: |  1  2  3  4  5  6  7  8  9 10 11 12 13 |
---------------+----------------------------------------+-----
Short Blades   | 3 4 5 6 7 8 11 13 | 13.0
Dodging        | 3 4 5 6 7 9 10 | 10.0
Stealth        | 2 3 |  3.0
Invocations    | 1 4 7 8 11 | 11.3
Evocations     | 2 |  2.0
Ranged Weapons | 4 9 11 12 | 12.5
Hexes          | 3 |  3.5
Translocations | 3 |  3.2
Spellcasting   | 2 |  2.0
Fighting       | |  3.0

Action                     |  1- 3 |  4- 6 |  7- 9 | 10-12 | 13-15 || total
---------------------------+-------+-------+-------+-------+-------++-------
  Melee: Short sword       |    75 |       |       |       |       ||    75
         Touch             |    11 |    24 |    46 |    21 |       ||   102
         Dagger            |     5 |   109 |   180 |    91 |       ||   385
         Punch             |       |     1 |     3 |     4 |       ||     8
         Rapier            |       |       |    12 |     1 |       ||    13
   Fire: Longbow           |       |       |       |   233 |   192 ||   425
   Cast: Portal Projectile |       |       |       |       |     3 ||     3
 Invoke: Dark Bargain      |       |     1 |       |     5 |     1 ||     7
         Recall Undead Har |       |       |       |    13 |    23 ||    36
         Bind Soul         |       |       |       |     1 |       ||     1
  Evoke: Wand              |       |       |     5 |    10 |       ||    15
    Use: Scroll            |       |       |    16 |     1 |     2 ||    19
         Potion            |       |       |       |     3 |     1 ||     4
   Stab: Sleeping          |     6 |     5 |     6 |       |       ||    17
         Distracted        |       |     2 |     2 |     1 |       ||     5
 Armour: Robe              |    13 |    18 |    52 |    53 |    20 ||   156
  Dodge: Dodged            |    46 |    70 |   128 |   217 |   106 ||   567

Table legend: (Time is in decaauts)
 A = Elapsed time spent in this place.
 B = Non-inter-level travel time spent in this place.
 C = Inter-level travel time spent in this place.
 D = Time resting spent in this place.
 E = Time spent auto-exploring this place.
 F = Levels seen in this place.
 G = Mean time per level.
                   A        B        C        D        E       F      G
               +--------+--------+--------+--------+--------+-----+--------+
         Total |  14517 |  13939 |    578 |   2747 |   7576 |  15 |  967.8 |
       Dungeon |   8036 |   7736 |    300 |   1309 |   4613 |  10 |  803.6 |
          Lair |   6481 |   6203 |    278 |   1438 |   2962 |   5 | 1296.2 |
               +--------+--------+--------+--------+--------+-----+--------+

Top non-repeatable levels by time:
     D:8: 1664 daAuts
  Lair:5: 1434 daAuts
  Lair:2: 1280 daAuts
  Lair:1: 1277 daAuts
  Lair:3: 1262 daAuts
  Lair:4: 1226 daAuts
     D:3: 1053 daAuts
     D:7: 1024 daAuts
     D:5: 931 daAuts
     D:4: 711 daAuts
     D:6: 637 daAuts
     D:1: 554 daAuts
     D:9: 542 daAuts
     D:2: 504 daAuts
    D:10: 413 daAuts
